 Dungeon Crawl Stone Soup version 0.27.1-34-g3ba077fa99 (webtiles) character file.

Game seed: 11871141468235992514

4 cbfl8 the Caller (level 1, -1/10 HPs)
             Began as a Tengu Summoner on Jan 13, 2022.
             Was a Follower of Trog.
             Slain by an adder (3 damage)
             ... on level 2 of the Dungeon.
             The game lasted 00:00:59 (149 turns).

cbfl8 the Caller (Tengu Summoner)                    Turns: 149, Time: 00:01:00

Health: -1/10      AC:  2    Str:  8    XL:     1   Next: 70%
Magic:  4/4        EV: 12    Int: 15    God:    Trog [*.....]
Gold:   2          SH:  0    Dex: 14    Spells: 3/4 levels left

rFire    . . .     SeeInvis .   c - +0 club
rCold    . . .     Faith    .   (no shield)
rNeg     . . .     Spirit   .   a - +0 robe
rPois    .         Reflect  .   (helmet restricted)
rElec    .         Harm     .   (no cloak)
rCorr    .         Rampage  .   (no gloves)
Will     .....                  (boots unavailable)
Stlth    ++........             (no amulet)
HPRegen  0.03/turn              (no ring)
MPRegen  0.09/turn              (no ring)

@: no status effects
A: beak, talons 3
a: Renounce Religion, Berserk


You were on level 2 of the Dungeon.
You worshipped Trog.
Trog was aware of your devotion.
You visited 1 branch of the dungeon, and saw 2 of its levels.

You collected 2 gold pieces.

Inventory:

Hand Weapons
 c - a +0 club (weapon)
Armour
 a - a +0 robe (worn)
Potions
 b - a potion of lignification {unknown}


   Skills:
 + Level 2.3 Dodging
 + Level 2.1 Stealth
 + Level 0.1 Unarmed Combat
 - Level 2.0 Spellcasting
 - Level 4.9 Summonings


You had 3 spell levels left.
You knew the following spells:

 Your Spells              Type           Power      Damage    Failure   Level
a - Summon Small Mammal   Summ           64%        N/A       3%          1

Your spell library contained the following spells:

 Spells                   Type           Power      Damage    Failure   Level
 Call Imp                 Summ           16%        N/A       4%          2
 Call Canine Familiar     Summ           16%        N/A       9%          3
 Summon Guardian Golem    Hex/Summ       8%         N/A       24%         3
 Summon Lightning Spire   Summ/Air       8%         N/A       63%         4


Dungeon Overview and Level Annotations

Branches:
Dungeon (1/15)

Altars:
Trog


Innate Abilities, Weirdness & Mutations

You have a beak for a mouth.
You have claws for feet.


Message History

The endoplasm is heavily wounded.
The endoplasm closely misses you.
You hit the endoplasm but do no damage. You claw the endoplasm.
The endoplasm is almost dead.
The endoplasm hits you but does no damage.
You hit the endoplasm.
You kill the endoplasm!
Trog accepts your kill.
Setting a skill training target for Maces & Flails at 14.0.
c - a +0 club (weapon)
Found a stone staircase leading down.
There is a stone staircase leading down here.
An adder and a giant cockroach come into view.
Found a scroll labelled WAFYZX TOMET QON.
You barely miss the giant cockroach.
The giant cockroach bites you but does no damage.
The giant cockroach misses you.
You hit the giant cockroach but do no damage.
The giant cockroach bites you but does no damage.
You hit the giant cockroach but do no damage.
You claw the giant cockroach.
You kill the giant cockroach!
Trog accepts your kill. The adder barely misses you.
You closely miss the adder. Your kick misses the adder.
Your peck misses the adder. The adder barely misses you. The adder bites you.
Ouch! That really hurt!
You closely miss the adder. The adder bites you but does no damage.
The adder completely misses you.
You hit the adder.
The adder is moderately wounded.
The adder completely misses you.
You hit the adder. You claw the adder, but do no damage.
The adder is severely wounded.
The adder closely misses you. The adder bites you.
* * * LOW HITPOINT WARNING * * *
You barely miss the adder. Your kick misses the adder.
The adder is severely wounded.
The adder bites you.
You die...

#####
##########...###
..............>#
###
#######@##...#.#
#.. #S##...#.#
#.# #.##...#.#
#.# #.##...#.#
#.# #.##...#.#
#.# #?######.#
#.# #.#
#.#######.# #.#
#.........#
###########


You could see an adder.

Vanquished Creatures
  2 endoplasms
  A giant cockroach (D:2)
  A kobold (D:1)
4 creatures vanquished.

Notes
Turn   | Place    | Note
-------+----------+-------------------------------------------
     0 | D:1      | cbfl8 the Tengu Summoner began the quest for the Orb.
     0 | D:1      | Reached XP level 1. HP: 10/10 MP: 4/4
    46 | D:1      | Noticed an eye of devastation
    49 | D:1      | Found a faded altar of an unknown god.
    51 | D:1      | Noticed a golden eye
    52 | D:1      | Noticed a golden eye
    52 | D:1      | Noticed a great orb of eyes
    88 | D:1      | Became a worshipper of Trog the Wrathful
    88 | D:1      | Reached * piety under Trog
   103 | D:1      | You fall into a shaft and drop 1 floor!
   149 | D:2      | Slain by an adder

Illustrated notes

Levels and vault maps discovered:
D:1:      lightli_arrival_windingriver, layout_rooms,
          hellmonk_ecumenical_altar_watching_god
D:2:      layout_basic, serial_corexii_hall, chequers_hall_statues_corner_a,
          chequers_hall_statues_wall_a

Action                   || total
-------------------------++-------
Melee: Unarmed           ||    13
       Club              ||     8
       Kick              ||     7
       Peck              ||     2
Armor: Robe              ||     8
Dodge: Dodged            ||    13
